 Dungeon Crawl Stone Soup version 0.29.1-1-gd02db6906a (webtiles) character file.

Game seed: 6941802965021627149

2552 Araneus the Spear-Bearer (level 9, -3/75 HPs)
             Began as a Naga Fighter on Sept 30, 2022.
             Was a Follower of Cheibriados.
             Shot with an arrow by a centaur warrior (20 damage)
             ... on level 8 of the Dungeon.
             The game lasted 00:22:56 (7157 turns).

Araneus the Spear-Bearer (Naga Fighter)             Turns: 7157, Time: 00:22:57

Health: -3/75      AC:  9    Str: 23    XL:     9   Next: 56%
Magic:  9/9        EV:  4    Int: 11    God:    Cheibriados [*.....]
Gold:   313        SH:  6    Dex: 19    Spells: 8/8 levels left

rFire   . . .      SeeInvis +   a - +0 trident (spect)
rCold   . . .      Faith    .   c - +0 buckler
rNeg    . . .      Spirit   .   q - +0 plate armour
rPois   +          Reflect  .   (helmet restricted)
rElec   .          Harm     .   (no cloak)
rCorr   .          Rampage  .   (no gloves)
Will    ++...                   (no barding)
Stlth   ..........              d - amulet of regeneration
HPRegen 1.02/turn               r - ring of willpower
MPRegen 0.11/turn               (no ring)

@: studying Translocations, very slow
A: AC +3, large, see invisible, deformed body, poison resistance, slowness 2,
spit poison 1, naga tail 1, antennae 1, thin skeletal structure 1, no potion
heal 1
a: Spit Poison, Renounce Religion, Bend Time


You were on level 8 of the Dungeon.
You worshipped Cheibriados.
Cheibriados was aware of your devotion.
You visited 2 branches of the dungeon, and saw 9 of its levels.

You collected 313 gold pieces.

Inventory:

Hand Weapons
 a - a +0 spectral trident (weapon)
Armour
 c - a +0 buckler (worn)
 q - a +0 plate armour (worn)
Jewellery
 d - an amulet of regeneration (around neck)
 k - an amulet of reflection
 l - an amulet of guardian spirit
 r - a ring of willpower (left hand)
Wands
 b - a wand of flame (9)
 f - a wand of light (10)
 h - a wand of roots (11)
Scrolls
 e - 3 scrolls of identify
 g - 2 scrolls of magic mapping
 m - a scroll of blinking
 s - a scroll of poison
Potions
 i - a potion of heal wounds
 j - 3 potions of attraction
 o - 4 potions of magic


   Skills:
 - Level 3.0 Fighting
 + Level 12.2 Polearms
 - Level 2.4 Armour
 + Level 4.2 Shields


You had 8 spell levels left.
You didn't know any spells.
Your spell library contained the following spells:

 Spells                   Type           Power      Damage    Failure   Level
 Sandblast                Erth           0%         2d4       100%        1
 Shock                    Conj/Air       0%         1d3       100%        1
 Passwall                 Tmut/Erth      0%         N/A       100%        2
 Confusing Touch          Hex            0%         N/A       100%        3
 Dazzling Flash           Conj/Hex       0%         N/A       100%        3
 Stone Arrow              Conj/Erth      0%         3d7       100%        3
 Swiftness                Air            0%         N/A       100%        3
 Airstrike                Air            0%         2d(0-16)  100%        4
 Animate Dead             Necr           0%         N/A       100%        4
 Iskenderun's Mystic Bla  Conj/Tloc      0%         2d3       100%        4
 Starburst                Conj/Fire      0%         6d3       100%        6
 Death's Door             Necr           0%         N/A       100%        9


Dungeon Overview and Level Annotations

Branches:
Dungeon (8/15)             Temple (1/1) D:5
   Lair: D:8-11

Altars:
Ashenzari
Cheibriados
Dithmenos
Elyvilon
Fedhas
Gozag
Hepliaklqana
Kikubaaqudgha
Okawaru
Qazlal
Ru
Sif Muna
Uskayaw
Wu Jian
Xom
Yredelemnul
The Shining One

Shops:
D:6 :

Annotations:
D:1 2 transporters


Innate Abilities, Weirdness & Mutations

Your serpentine skin is tough. (AC +3)
You have supernaturally acute eyesight. (SInv)
Armour fits poorly on your strangely shaped body.
Your system is resistant to poisons. (rPois)
You cover ground very slowly.
You can spit poison.
You have a snake-like lower body.
You have a pair of small antennae on your head.
You have a somewhat thin skeletal structure. (Dex +2, Stealth+)
Potions are less effective at restoring your health.


Message History

Press: ? - help, Shift-Dir - straight line, f/p - cyclops
Aim: a cyclops, quivering large rocks (poisoned)
The roots erupt in riotous growth!
Roots grab the cyclops.
The grasping roots constrict the cyclops.
You hear a shout! x3
The cyclops escapes!
Aiming: Bolt of Light
Press: ? - help, Shift-Dir - straight line, f/p - cyclops
Aim: a cyclops, quivering large rocks (lightly wounded, poisoned, 98% to hit)
The bolt of light hits the cyclops!
The cyclops is moderately wounded.
The cyclops is blinded.
You have got your breath back.
The cyclops throws a large rock.
The large rock hits you!
You reach to attack!
You catch the helpless cyclops completely off-guard!
You hit the cyclops.
The cyclops is moderately wounded.
Your +0 spectral trident barely misses the cyclops.
You could not reach far enough!
A two-headed ogre comes into view. It is wielding two +0 giant clubs.
A centaur warrior and an orc wizard come into view.
The orc wizard is wielding a +1 dagger of pain.
Found a wand of roots (1).
The centaur warrior shouts!
The orc wizard shouts!
The cyclops looks more healthy.
The centaur warrior wields a +0 shortbow.
The centaur warrior shoots an arrow.
The arrow hits you!
The orc wizard gestures at you while chanting.
The puff of flame hits you.
There is an open door here.
A gnoll bouda comes into view.
It is wielding a +0 club and wearing a +3 leather armour of poison resistance.
Found a glaive, a wand of light (7), a club and 3 scrolls of brand weapon.
The gnoll bouda shouts!
The centaur warrior shoots an arrow.
The arrow hits you!
The centaur warrior shoots an arrow.
The arrow hits you!!
* * * LOW HITPOINT WARNING * * *
The centaur warrior shoots an arrow.
The arrow hits you!!
You die...

#...# # #...#...#
#.O.#...# ##
#####...#...#+##
.#
#.......#.8.....
.#
#.......#......8
.######
#.......#...?...
......#
#...###'#g.)/)..
.####.#
#...#...@.../c..
.# #.#
#...#?...8......
.# #.#
#...#....C.o..8.
.# #.#
#...#######+#...
##
#)###..........
..
##)..#.)........
.
#..###..........
##.)# ##'######..
###...###..####.#
.


You could see a centaur warrior, a two-headed ogre (wandering), a cyclops
(blind), a gnoll bouda and an orc wizard.

Vanquished Creatures
  An unseen horror (D:7)
  2 steam dragons
  2 ice beasts
  A black bear (D:4)
  2 ogres
  3 centaurs
  A bullfrog (D:8)
  A necrophage (D:6)
  2 scorpions
  A wight (D:8)
  5 killer bees
  2 hounds (D:5)
  2 gnoll boudas
  2 orc priests
  5 jellies
  4 iguanas
  4 orc wizards
  8 gnolls
  7 adders
  A shadow imp (D:5)
  3 white imps
  2 worms
  A dart slug (D:1)
  22 orcs
  5 ball pythons
  10 endoplasms
  6 giant cockroaches
  6 goblins
  7 hobgoblins
  4 jackals (D:3)
  5 kobolds
  A quokka (D:5)
  8 bats
  2 frilled lizards (D:2)
  5 rats
143 creatures vanquished.

Vanquished Creatures (others)
  4 plants (D:1)
4 creatures vanquished.

Grand Total: 147 creatures vanquished

Notes
Turn   | Place    | Note
-------+----------+-------------------------------------------
     0 | D:1      | Araneus the Naga Fighter began the quest for the Orb.
     0 | D:1      | Reached XP level 1. HP: 21/21 MP: 1/1
   192 | D:1      | Reached XP level 2. HP: 28/28 MP: 2/2
   248 | D:1      | Reached skill level 3 in Polearms
   495 | D:1      | Reached XP level 3. HP: 18/34 MP: 3/3
  1018 | D:2      | Reached skill level 4 in Polearms
  1033 | D:2      | Reached XP level 4. HP: 42/42 MP: 4/4
  1194 | D:2      | Found a faded altar of an unknown god.
  1958 | D:3      | Reached skill level 5 in Polearms
  1967 | D:3      | Reached XP level 5. HP: 49/49 MP: 5/5
  2731 | D:4      | Found a broken altar of Ashenzari.
  2984 | D:4      | Found a hazy altar of Hepliaklqana.
  3068 | D:4      | Reached skill level 6 in Polearms
  3077 | D:4      | Reached XP level 6. HP: 26/56 MP: 6/6
  3421 | D:4      | Got Baiklar's Exposition on the Vexing Mortuary
  3441 | D:4      | Noticed a black bear
  4134 | D:4      | Killed a black bear
  4135 | D:4      | Reached skill level 7 in Polearms
  4291 | D:5      | Entered Level 5 of the Dungeon
  4302 | D:5      | Reached XP level 7. HP: 11/62 MP: 7/7
  4455 | D:5      | Found a staircase to the Ecumenical Temple.
  4464 | Temple   | Entered the Ecumenical Temple
  4719 | D:5      | Found a basalt altar of Yredelemnul.
  4723 | D:5      | Found a shimmering altar of Xom.
  4723 | D:5      | Found an ornate altar of the Wu Jian Council.
  4734 | D:5      | Found a hide-covered altar of Uskayaw.
  4737 | D:5      | Found a white marble altar of Elyvilon.
  4837 | D:5      | Reached skill level 8 in Polearms
  5159 | D:6      | Found Meto Alek's Book Shop.
  5366 | D:6      | Reached skill level 9 in Polearms
  5366 | D:6      | Reached XP level 8. HP: 31/69 MP: 8/8
  5503 | D:6      | Found a snail-covered altar of Cheibriados.
  5537 | D:6      | Became a worshipper of Cheibriados the Contemplative
  5555 | D:6      | Found a shadowy altar of Dithmenos.
  5694 | D:6      | Gained mutation: Potions are less effective at restoring
                  | your health. [potion of mutation]
  5694 | D:6      | Gained mutation: You have a somewhat thin skeletal
                  | structure. (Dex +2, Stealth+) [potion of mutation]
  5694 | D:6      | Gained mutation: You have a pair of small antennae on your
                  | head. [potion of mutation]
  5793 | D:7      | Reached skill level 10 in Polearms
  5970 | D:7      | Noticed an unseen horror
  5982 | D:7      | Killed an unseen horror
  5983 | D:7      | Reached XP level 9. HP: 65/75 MP: 9/9
  6017 | D:7      | Reached skill level 11 in Polearms
  6290 | D:7      | Reached * piety under Cheibriados
  6814 | D:8      | Reached skill level 12 in Polearms
  7150 | D:8      | Noticed a cyclops
  7155 | D:8      | Noticed a two-headed ogre
  7156 | D:8      | Noticed a centaur warrior
  7157 | D:8      | Shot with an arrow by a centaur warrior

Illustrated notes

Levels and vault maps discovered:
D:1:      spicycebolla_arrival_transporter_tutorial, layout_rooms,
          serial_forest, infiniplex_forest_side_room, infiniplex_forest_end_1,
          infiniplex_forest_clump_small, infiniplex_forest_lined_ring,
          infiniplex_forest_pool, infiniplex_forest_zigzag_2,
          infiniplex_forest_straight_1, infiniplex_forest_clump_curved
D:2:      layout_basic, hellmonk_ecumenical_altar_zigzags
D:3:      layout_basic
D:4:      layout_loops_cross, mainiacjoe_overflow_alcove_1,
          mainiacjoe_overflow_surrounded_room
D:5:      layout_loops_cross, minmay_overflow_temple_star_hex, temple_pool_b
D:6:      layout_cave_pools, lemuel_round_altar, mainiacjoe_overflow_brackets,
          serial_shops, nicolae_shop_statue_plus, minmay_manual_mares
D:7:      layout_loops_ring, minmay_crossroads
D:8:      kennysheep_blocky_room, layout_loops_corners
Temple:   hellmonk_temple_forest_ring

Skill      XL: |  1  2  3  4  5  6  7  8  9 |
---------------+----------------------------+-----
Polearms       | 3 4 5 6 7 9 10 12 | 12.2
Shields        | 3 4 |  4.2
Fighting       | |  3.0
Armour         | |  2.4

Action                   |  1- 3 |  4- 6 |  7- 9 || total
-------------------------+-------+-------+-------++-------
Melee: Trident           |   109 |   216 |   264 ||   589
 Abil: Spit Poison       |       |     3 |     1 ||     4
Evoke: Wand              |       |     2 |     2 ||     4
  Use: Potion            |       |     6 |     3 ||     9
       Scroll            |       |    10 |     8 ||    18
 Stab: Invisible         |       |       |     1 ||     1
Armor: Scale mail        |    41 |    26 |       ||    67
       Skin              |       |     6 |       ||     6
       Plate armour      |       |    51 |   143 ||   194
Dodge: Dodged            |    22 |    41 |    28 ||    91
Block: Buckler           |    19 |    87 |    45 ||   151
       Reflection        |       |     2 |       ||     2
